 Dungeon Crawl Stone Soup version 0.31-a0-836-g3ceb0a68c4 (webtiles) character file.

Game seed: 3839752605710559078

109 lunkers the Insei (level 5, -2/29 (30) HPs)
             Began as a Meteoran Shapeshifter on Sept 26, 2023.
             Slain by Crazy Yiuf
             ... wielding a +2 quarterstaff of chaos
              (3 damage)
             ... on level 4 of the Dungeon.
             The game lasted 00:02:06 (1186 turns).

lunkers the Insei (Meteoran Shapeshifter)           Turns: 1186, Time: 00:02:07

HP:   -2/29 (30)    AC:  5    Str: 15    XL:     5   Next: 37%
MP:   6/6           EV: 11    Int: 11    God:
Gold: 111           SH:  0    Dex: 16    Spells: 4/4 levels left

rFire   + .          .
                       - Unarmed
rCold   + . .        (shield currently unavailable)
rNeg    . . .        m - +0 ring mail
rPois   +            (no helmet)
rElec   +            (no cloak)
rCorr   +            (no gloves)
SInv    .            (no boots)
Will    .....        e - amulet of magic regeneration
Stlth   +            (no ring)
HPRegen 0.24/turn    (no ring)
MPRegen 0.50/turn

%: no passive effects
@: flux-form, resistant, glowing, lightly drained
A: glow, contaminating, reduced hp, sense surroundings 1, otherworldly, glowing,
explore regen
a: Begin Untransformation


You were on level 4 of the Dungeon.
You were something dangerously unstable.
You visited 1 branch of the dungeon, and saw 4 of its levels.

You collected 111 gold pieces.

Inventory:

Armour
 a - a +0 animal skin
 m - a +0 ring mail (worn)
Jewellery
 e - an amulet of magic regeneration (around neck)
Talismans
 c - a beast talisman
 d - a flux talisman (active)
Scrolls
 f - a scroll of enchant weapon {unknown}
 h - 2 scrolls of identify {unknown}
 i - a scroll of fear {unknown}
 k - a scroll of noise {unknown}
 q - a scroll of teleportation {unknown}
Potions
 b - a potion of lignification
 g - a potion of degeneration {unknown}
 j - a potion of berserk rage {unknown}
 l - a potion of attraction {unknown}
 n - a potion of invisibility {unknown}
 o - a potion of brilliance {unknown}
 p - a potion of ambrosia {unknown}
 r - a potion of haste {unknown}
 s - a potion of enlightenment {unknown}


   Skills:
 - Level 1.1 Fighting
 - Level 2.1 Dodging
 * Level 5.7 Unarmed Combat
 + Level 4.6 Shapeshifting


You had 4 spell levels left.
You didn't know any spells.
Your spell library contained the following spells:

 Spells                   Type           Power      Damage    Failure   Level
 Apportation              Tloc           0%         N/A       56%         1
 Jinxbite                 Hex            0%         N/A       71%         2
 Wereblood                Tmut           0%         N/A       71%         2
 Alistair's Intoxication  Tmut/Pois      0%         N/A       100%        5
 Irradiate                Conj/Tmut      0%         3d11      100%        5


Dungeon Overview and Level Annotations

Branches:
Dungeon (4/15) Zot: 1225
 Temple: D:4-7

Altars:
Dithmenos
The Shining One

Annotations:
D:4 Crazy Yiuf


Innate Abilities, Weirdness & Mutations

You are something dangerously unstable.
You glow with magical radiation, making you easy to see and hit.
Foes you strike become dangerously contaminated with magical radiation.
Your maximum health is decreased, since you lack skill for your form.
You are incapable of wielding weapons or throwing items.
You passively map a small area around you.
You are easily found by Zot.
You glow in the dark.
You regain HP and MP as you explore.


Message History

What level of the Dungeon? (default 1, ? - help)
There is a stone staircase leading down here.
You climb downwards.
Found four hammers and a glowing hammer.
There is a stone staircase leading up here.
You see here a +0 hammer.
You see here a +0 hammer.
You see here a +1 hammer of holy wrath.
No target in view!
Found a hammer.
Found a runed translucent door.
Crazy Yiuf shouts!
Crazy Yiuf cries, "Action down blue!"
You open the door. You hit Crazy Yiuf.
Crazy Yiuf begins to glow.
Crazy Yiuf is lightly wounded.
Unknown command.
You hit Crazy Yiuf.
Crazy Yiuf glows dangerously bright.
Crazy Yiuf is lightly wounded.
Crazy Yiuf hits you with a +2 quarterstaff of chaos!
You hit Crazy Yiuf but do no damage.
Crazy Yiuf shudders as magic cascades through him.
Crazy Yiuf twists and deforms.
Crazy Yiuf is moderately wounded.
Crazy Yiuf hits you with a +2 quarterstaff of chaos.
* * * LOW HITPOINT WARNING * * *
Crazy Yiuf draws strength from your wounds!
You are too injured to fight recklessly!
Unknown command.
Unknown command.
You hit Crazy Yiuf.
Crazy Yiuf begins to glow.
Crazy Yiuf is moderately wounded.
Crazy Yiuf hits you with a +2 quarterstaff of chaos.
* * * LOW HITPOINT WARNING * * *
You feel protected.
You hit Crazy Yiuf.
Crazy Yiuf glows dangerously bright.
Crazy Yiuf is heavily wounded.
Crazy Yiuf hits you with a +2 quarterstaff of chaos!
* * * LOW HITPOINT WARNING * * *
You feel drained.
You die...

, , * * **** * * , *,
* *, ###♣♣♣♣♣ ,
##....♣.♣♣♣ ### ##
###)..P..♣..♣#...# ,
#...#....)))♣♣♣♣pg...#
* , ......<)..P♣♣
♣♣#..)# #...######♣♣
### , ##. * * * , * ,
* * ** * , *, * * , *


You could see Crazy Yiuf (heavy contam, misshapen).

Vanquished Creatures
  Jessica (D:2)
  3 adders (D:3)
  3 orcs (D:3)
  2 ball pythons (D:2)
  2 bats (D:1)
  4 endoplasms
  3 giant cockroaches
  8 goblins
  2 hobgoblins
  10 jackals
  A quokka (D:2)
  2 frilled lizards (D:1)
  2 kobolds (D:1)
  5 rats
48 creatures vanquished.

Notes
Turn   | Place    | Note
-------+----------+-------------------------------------------
     0 | D:1      | lunkers the Meteoran Shapeshifter began the quest for the
                  | Orb.
     0 | D:1      | Reached XP level 1. HP: 16/16 MP: 2/2
    89 | D:1      | Reached skill level 4 in Unarmed Combat
    89 | D:1      | Reached XP level 2. HP: 14/23 MP: 3/3
   258 | D:1      | Reached XP level 3. HP: 28/28 MP: 4/4
   534 | D:2      | Noticed Jessica
   543 | D:2      | Killed Jessica
   544 | D:2      | Reached skill level 5 in Unarmed Combat
   544 | D:2      | Reached XP level 4. HP: 28/35 MP: 5/5
   848 | D:3      | Reached XP level 5. HP: 25/40 MP: 6/6
   942 | D:3      | Found a glowing golden altar of the Shining One.
  1076 | D:3      | Found a shadowy altar of Dithmenos.
  1177 | D:4      | Found a runed translucent door.
  1178 | D:4      | Noticed Crazy Yiuf
  1186 | D:4      | HP: 1/30 [Crazy Yiuf/+2 quarterstaff of chaos (12)]
  1186 | D:4      | Slain by Crazy Yiuf

Illustrated notes

Levels and vault maps discovered:
D:1:      dpeg_arrival_simpleton_c, layout_rooms, serial_forest,
          infiniplex_forest_end_2, infiniplex_forest_end_2,
          infiniplex_forest_lined_ring, infiniplex_forest_clump_curved,
          infiniplex_forest_straight_4, infiniplex_forest_clump_long
D:2:      layout_loops_ring, minivault_11, minmay_ruptured, uniq_jessica
D:3:      layout_rooms, lemuel_coloured_pillars_altar,
          nicolae_dithmenos_shadow_blocks
D:4:      layout_loops_corners, minmay_temple_entry_trees, serial_shops, shop,
          uniq_grinder, uniq_crazy_yiuf_cottage

Skill      XL: |  1  2  3 |
---------------+----------+-----
Unarmed Combat | 4 5 |  5.7
Shapeshifting  | 4 |  4.6
Fighting       | |  1.1
Dodging        | |  2.1

Action                     |  1- 3 |  4- 6 || total
---------------------------+-------+-------++-------
  Melee: Unarmed           |    97 |    48 ||   145
         Punch             |     5 |     1 ||     6
 Armour: Animal skin       |    61 |    18 ||    79
         Ring mail         |       |    18 ||    18
  Dodge: Dodged            |    63 |    14 ||    77
   Form: Flux              |       |     1 ||     1

Table legend: (Time is in decaauts)
 A = Elapsed time spent in this place.
 B = Non-inter-level travel time spent in this place.
 C = Inter-level travel time spent in this place.
 D = Time resting spent in this place.
 E = Time spent auto-exploring this place.
 F = Levels seen in this place.
 G = Mean time per level.
                   A        B        C        D        E       F      G
               +--------+--------+--------+--------+--------+-----+--------+
         Total |   1173 |   1163 |     10 |      0 |    807 |   4 |  293.2 |
       Dungeon |   1173 |   1163 |     10 |      0 |    807 |   4 |  293.2 |
               +--------+--------+--------+--------+--------+-----+--------+

Top non-repeatable levels by time:
     D:2: 456 daAuts
     D:1: 365 daAuts
     D:3: 336 daAuts
     D:4: 15 daAuts
